 Dungeon Crawl Stone Soup version 0.28-a0-445-g51f8dfeb47 (webtiles) character file.

Game seed: 4524325924616232791

4428 Morbidden the Zephyrmancer (level 9, -18/72 HPs)
             Began as a Demigod Air Elementalist on Sept 13, 2021.
             Killed by an exploding ice devil (29 damage)
             ... ignited by their inner flame
             ... on level 9 of the Dungeon.
             The game lasted 00:16:14 (12682 turns).

Morbidden the Zephyrmancer (DgAE)                  Turns: 12682, Time: 00:16:15

Health: -18/72     AC:  7    Str: 13    XL:     9   Next: 92%
Magic:  3/23       EV: 21    Int: 25    God:
Gold:   416        SH:  0    Dex: 18    Spells: 15/22 levels left

rFire   . . .      SeeInvis .   E - +8 quarterstaff of Tenacity {freeze, Dex+4}
rCold   . . .      Faith    .   (shield currently unavailable)
rNeg    . . .      Spirit   .   z - +0 steam dragon scales
rPois   .          Reflect  .   (no helmet)
rElec   .          Harm     .   y - +0 cloak
rCorr   .          Rampage  .   o - +0 pair of gloves
Will    .....                   (no boots)
Stlth   ++........              (no amulet)
HPRegen 0.22/turn               p - +4 ring of evasion
MPRegen 0.18/turn               r - +4 ring of evasion

@: no status effects
A: high mp 1, forlorn
a: no special abilities


You were on level 9 of the Dungeon.
You visited 1 branch of the dungeon, and saw 9 of its levels.

You collected 416 gold pieces.

Inventory:

Hand Weapons
 D - a +4 flail of freezing
 E - the +8 quarterstaff of Tenacity (weapon) {freeze, Dex+4}
   (You found it on level 8 of the Dungeon)

   It freezes those it strikes, dealing additional cold damage.
   It can also slow down cold-blooded creatures.
   Dex:       It affects your dexterity (+4).
 F - a +3 broad axe
Missiles
 k - 7 poisoned darts (quivered)
 I - a curare-tipped dart
Armour
 o - a +0 pair of gloves (worn)
 s - a +0 ring mail
 x - a +0 ring mail of cold resistance
 y - a +0 cloak (worn)
 z - +0 steam dragon scales (worn)
Jewellery
 a - a +6 ring of dexterity
 l - a ring of flight
 p - a +4 ring of evasion (left hand)
 r - a +4 ring of evasion (right hand)
 C - a +6 ring of strength
Wands
 A - a wand of iceblast (9)
 H - a wand of paralysis (9)
 J - a wand of mindburst (13)
Scrolls
 g - a scroll of noise {unknown}
 i - 2 scrolls of teleportation {unknown}
 m - 2 scrolls of immolation
 n - 2 scrolls of identify {unknown}
 t - 2 scrolls of magic mapping {unknown}
 u - a scroll of enchant armour {unknown}
 v - a scroll of blinking {unknown}
 w - a scroll of silence {unknown}
Potions
 b - 7 potions of curing {unknown}
 c - a potion of heal wounds {unknown}
 d - 3 potions of might
 e - 3 potions of brilliance
 f - a potion of invisibility {unknown}
 h - 2 potions of berserk rage {unknown}
 j - a potion of degeneration {unknown}
 q - 2 potions of haste {unknown}
 B - 2 potions of flight {unknown}
 G - a potion of lignification {unknown}


   Skills:
 * Level 4.5 Fighting
 + Level 0.5 Staves
 + Level 0.5 Throwing
 + Level 0.5 Armour
 + Level 2.5 Dodging
 + Level 2.5 Stealth
 + Level 0.7 Unarmed Combat
 * Level 7.0 Spellcasting
 * Level 6.0 Conjurations
 * Level 8.1 Air Magic


You had 15 spell levels left.
You knew the following spells:

 Your Spells              Type           Power      Damage    Failure   Level
a - Shock                 Conj/Air       100%       1d9       1%          1
b - Static Discharge      Conj/Air       44%        N/A       1%          2
c - Airstrike             Air            24%        N/A       2%          4

Your spell library contained the following spells:

 Spells                   Type           Power      Damage    Failure   Level
 Swiftness                Air            49%        N/A       1%          3
 Stone Arrow              Conj/Erth      48%        3d10      6%          3
 Animate Skeleton         Necr           16%        N/A       7%          1
 Apportation              Tloc           16%        N/A       7%          1
 Pain                     Necr           32%        1d5       7%          1
 Sandblast                Erth           16%        2d6       7%          1
 Summon Small Mammal      Summ           32%        N/A       7%          1
 Passwall                 Tmut/Erth      6%         N/A       10%         2
 Agony                    Necr           8%         N/A       88%         5
 Excruciating Wounds      Necr           4%         N/A       88%         5


Dungeon Overview and Level Annotations

Branches:
Dungeon (9/15)             Temple (0/1) D:7
   Lair: D:8-11         Orc: D:9-12

Shops:
D:2 (   D:3 ?

Annotations:
D:6 3 runed translucent doors, Heedrag's ghost, novice MiFi; RinnBerevan's ghost, novice MiFi
D:8 exclusion: ugly thing


Innate Abilities, Weirdness & Mutations

Your attributes grow dramatically as you level up.
You have an increased reservoir of magic. (+10% MP)
You shall have no god before yourself.


Message History

Confirm with . or Enter, or press ? or * to list all spells.
Aiming: Airstrike (dangerous; 2% risk of failure)
Press: ? - help, Dir - move target, f/p - ice devil
Aim: an ice devil (heavily wounded, empty space bonus: 7/8)
The air twists around and strikes the ice devil.
The ice devil is heavily wounded.
The ice devil completely misses you.
Unknown command.
Unknown command.
Unknown command.
Okay, then.
Aiming: Paralyse
Press: ? - help, Shift-Dir - straight line, f/p - ice devil
Aim: an ice devil (heavily wounded, chance to affect: 6%)
Okay, then.
Unknown command.
Things that are here:
a +4 short sword; a +0 robe
Okay, then.
You see here a +0 club.
As you read the scroll labelled DUPAACH HOHO, it crumbles to dust.
The creatures around you are filled with an inner flame!
It was a scroll of immolation.
The ice devil hits you but does no damage.
Unknown command.
You closely miss the ice devil.
The ice devil is heavily wounded.
The ice devil misses you.
Unknown command.
Unknown command.
You hit the ice devil.
Flame seeps out of the ice devil.
The ice devil is heavily wounded.
The ice devil is engulfed in blazing flames.
Flame seeps out of the ice devil.
The ice devil hits you! The ice devil freezes you!!
* * * LOW HITPOINT WARNING * * *
The ice devil is engulfed in blazing flames.
The ice devil explodes!
The fiery explosion engulfs you!!
You die...

#........##
#.......).##
#........).#
#......##)>###########
#.....####.)##.......##
#.....##
##.).........##
##......##
##§§§..<.....##
#........#
##○§.........#
#........#
#§)@.........#
#.......##
#............#
#...#####
#............# #...#
#............# #..##
#............#
##..######
#............#
#..#.....#
###..........#
#####....# ####......##
##...# ###..###


There were no monsters in sight!

Vanquished Creatures
  A two-headed ogre (D:9)
  A freezing wraith (D:9)
  2 ice devils (D:9)
  A shadow (D:7)
  A steam dragon (D:7)
  An acid dragon (D:9)
  3 water moccasins
  A black bear (D:6)
  2 ice beasts (D:6)
  A necrophage (D:7)
  3 centaurs
  2 ogres
  2 kobold brigands
  A water moccasin skeleton (D:6)
  3 killer bees (D:9)
  12 wights
  3 howler monkeys (D:7)
  6 centaur zombies
  2 bullfrog skeletons (D:6)
  2 hounds
  A centaur skeleton (D:7)
  A gnoll shaman (D:9)
  7 orc wizards
  A scorpion zombie (D:5)
  A killer bee zombie (D:8)
  11 gnolls
  7 adders
  2 shadow imps
  5 white imps
  An ufetubus (D:4)
  A worm (D:2)
  21 orcs
  7 ball pythons
  5 bats
  5 endoplasms
  2 giant cockroaches
  7 goblins
  18 hobgoblins
  4 jackals (D:5)
  5 quokkas
  2 frilled lizards (D:1)
  13 kobolds
  7 rats
184 creatures vanquished.

Notes
Turn   | Place    | Note
-------+----------+-------------------------------------------
     0 | D:1      | Morbidden the Demigod Air Elementalist began the quest for
                  | the Orb.
     0 | D:1      | Reached XP level 1. HP: 14/14 MP: 5/5
   427 | D:1      | Reached skill level 3 in Air Magic
   504 | D:1      | Reached XP level 2. HP: 22/22 MP: 4/7
   594 | D:1      | Reached skill level 1 in Conjurations
   793 | D:1      | Reached skill level 1 in Fighting
  1051 | D:1      | Reached XP level 3. HP: 28/28 MP: 5/8
  1082 | D:1      | Learned a level 2 spell: Static Discharge
  1096 | D:2      | Found Cusiu's Antique Weapon Boutique.
  2110 | D:3      | Reached XP level 4. HP: 32/35 MP: 0/10
  2230 | D:3      | Found Viakuz's Magic Scroll Shop.
  3816 | D:4      | Learned a level 4 spell: Airstrike
  3881 | D:4      | Reached XP level 5. HP: 30/40 MP: 4/11
  4670 | D:5      | Entered Level 5 of the Dungeon
  4670 | D:5      | Noticed a sky beast
  4689 | D:5      | Noticed a water moccasin
  5112 | D:5      | Reached skill level 4 in Air Magic
  5442 | D:5      | Noticed a centaur
  5453 | D:5      | Killed a centaur
  5454 | D:5      | Reached XP level 6. HP: 16/48 MP: 0/14
  6095 | D:5      | Killed a water moccasin
  6343 | D:5      | Noticed a water moccasin
  6349 | D:5      | Killed a water moccasin
  6350 | D:5      | Reached XP level 7. HP: 41/56 MP: 2/16
  7060 | D:6      | Reached skill level 5 in Air Magic
  7598 | D:6      | Reached skill level 5 in Spellcasting
  7598 | D:6      | Reached XP level 8. HP: 59/62 MP: 11/19
  8170 | D:6      | Found a runed translucent gate.
  8173 | D:6      | Found a runed translucent gate.
  8174 | D:6      | Found a runed translucent gate.
  8174 | D:6      | Noticed RinnBerevan's ghost (novice MiFi)
  8174 | D:6      | Noticed Heedrag's ghost (novice MiFi)
  8449 | D:7      | Reached skill level 5 in Conjurations
  8885 | D:7      | Found a staircase to the Ecumenical Temple.
  9161 | D:7      | Reached skill level 6 in Air Magic
  9561 | D:7      | Reached XP level 9. HP: 70/70 MP: 4/21
 10140 | D:8      | Identified the +8 quarterstaff of Tenacity {freeze, Dex+4}
 10448 | D:8      | Noticed a white ugly thing
 10978 | D:9      | Noticed a two-headed ogre
 10984 | D:9      | Killed a two-headed ogre
 10985 | D:9      | Reached skill level 7 in Air Magic
 12310 | D:9      | Noticed an ice devil
 12340 | D:9      | Noticed an ice devil
 12354 | D:9      | Killed an ice devil
 12355 | D:9      | Reached skill level 8 in Air Magic
 12434 | D:9      | Noticed a freezing wraith
 12463 | D:9      | Killed a freezing wraith
 12625 | D:9      | Noticed an ice devil
 12682 | D:9      | Killed an ice devil
 12682 | D:9      | Killed by an exploding ice devil... ignited by their inner
                  | flame

Illustrated notes

Levels and vault maps discovered:
D:1:      dpeg_arrival_orchard, layout_rooms, amcnicky_mini_pool_small
D:2:      layout_loops_corners, hellmonk_ecumenical_altar_run_dry, serial_shops,
          shop
D:3:      wander_river, layout_loops_ring, serial_shops, shop_fountains
D:4:      cheibrodos_greedy_goblins, layout_gridville, nzn_wu_jian_council_hall,
          corner_web_ring, kennysheep_generic_room_3
D:5:      layout_loops_cross, nicolae_hepliaklqana_hazy_memory,
          dk_noncrumbling_2
D:6:      layout_loops_ring, kennysheep_little_box, gammafunk_ghost_cemetery
D:7:      layout_basic, minmay_temple_entry_junction,
          chequers_serial_rivers_micro_a
D:8:      layout_loops_ring, mainiacjoe_overflow_concentric_impassable
D:9:      layout_cave_pods, xom_shifter_show, nemelex_xobeh_ov_fountains_minmay,
          hellmonk_guarded_unrand_frostbite

Skill      XL: |  1  2  3  4  5  6  7  8  9 |
---------------+----------------------------+-----
Spellcasting   | 2 3 5 7 |  7.0
Air Magic      | 3 4 5 6 8 |  8.1
Conjurations   | 1 2 3 4 5 6 |  6.0
Fighting       | 1 2 3 4 |  4.5
Dodging        | 2 |  2.5
Stealth        | 2 |  2.5
Staves         | |  0.5
Throwing       | |  0.5
Armour         | |  0.5
Unarmed Combat | |  0.7

Action                   |  1- 3 |  4- 6 |  7- 9 || total
-------------------------+-------+-------+-------++-------
Melee: Unarmed           |    39 |     3 |    11 ||    53
       Quarterstaff      |       |       |    23 ||    23
Throw: Dart              |       |    12 |       ||    12
 Cast: Shock             |    85 |   132 |   146 ||   363
       Static Discharge  |     1 |    15 |    46 ||    62
       Airstrike         |       |     3 |    55 ||    58
  Use: Potion            |       |     1 |     1 ||     2
       Scroll            |       |       |     1 ||     1
Armor: Robe              |    19 |     7 |     4 ||    30
       Ring mail         |       |       |    15 ||    15
       Steam dragon scal |       |       |    11 ||    11
Dodge: Dodged            |    53 |    36 |   114 ||   203

Table legend: (Time is in decaauts)
 A = Elapsed time spent in this place.
 B = Non-inter-level travel time spent in this place.
 C = Inter-level travel time spent in this place.
 D = Time resting spent in this place.
 E = Time spent auto-exploring this place.
 F = Levels seen in this place.
 G = Mean time per level.
                   A        B        C        D        E       F      G
               +--------+--------+--------+--------+--------+-----+--------+
         Total |  12707 |  12541 |    166 |   1886 |   9276 |   9 | 1411.9 |
       Dungeon |  12707 |  12541 |    166 |   1886 |   9276 |   9 | 1411.9 |
               +--------+--------+--------+--------+--------+-----+--------+

Top non-repeatable levels by time:
     D:9: 1982 daAuts
     D:5: 1874 daAuts
     D:6: 1781 daAuts
     D:4: 1516 daAuts
     D:7: 1456 daAuts
     D:3: 1167 daAuts
     D:1: 1086 daAuts
     D:2: 1006 daAuts
     D:8: 835 daAuts
